 Dungeon Crawl Stone Soup version 0.30-a0-950-gbf40cfac39 (webtiles) character file.

Game seed: 4605659574477491623

390 Grim the Conjurer (level 6, -1/32 HPs)
             Began as a Deep Elf Conjurer on Mar 28, 2023.
             Slain by a lemure (4 damage)
             ... led by Pikel
             ... on level 4 of the Dungeon.
             The game lasted 00:08:41 (4181 turns).

Grim the Conjurer (Deep Elf Conjurer)               Turns: 4181, Time: 00:08:42

Health: -1/32      AC:  3    Str:  4    XL:     6   Next: 50%
Magic:  0/17       EV: 12    Int: 25    God:
Gold:   270        SH:  0    Dex: 13    Spells: 3/17 levels left

rFire   . . .      SeeInvis .    l - +0 falchion
rCold   . . .      Faith    .    (no shield)
rNeg    . . .      Spirit   .    a - +0 robe
rPois   .          Reflect  .    (no helmet)
rElec   .          Rampage  .    (no cloak)
rCorr   .                        c - +0 pair of gloves
Will    .....                    (no boots)
Stlth   ++                       (no amulet)
HPRegen 0.25/turn                (no ring)
MPRegen 0.15/turn                (no ring)

@: no status effects
A: no striking features
a: no special abilities


You were on level 4 of the Dungeon.
You visited 1 branch of the dungeon, and saw 4 of its levels.

You collected 270 gold pieces.

Inventory:

Hand Weapons
 l - a +0 falchion (weapon)
Armour
 a - a +0 robe (worn)
 c - a +0 pair of gloves (worn)
Jewellery
 q - a ring of ice
Scrolls
 f - 4 scrolls of identify {unknown}
 h - 2 scrolls of teleportation {unknown}
 k - 2 scrolls of immolation
 m - a scroll of fog {unknown}
 n - a scroll of enchant weapon {unknown}
 r - a scroll of butterflies {unknown}
 s - a scroll of noise {unknown}
 t - a scroll of amnesia {unknown}
Potions
 b - a potion of magic
 d - a potion of heal wounds {unknown}
 e - 3 potions of curing {unknown}
 g - 2 potions of degeneration {unknown}
 i - 2 potions of cancellation {unknown}
 j - a potion of brilliance {unknown}
 o - a potion of invisibility {unknown}
 p - a potion of lignification {unknown}


   Skills:
 - Level 2.4 Dodging
 - Level 2.4 Stealth
 - Level 6.0 Spellcasting
 + Level 6.4 Conjurations
 + Level 4.0 Hexes
 + Level 0.6 Translocations


You had 3 spell levels left.
You knew the following spells:

 Your Spells              Type           Power      Damage    Failure   Level
a - Magic Dart            Conj           100%       1d8       1%          1
b - Searing Ray           Conj           78%        2d7       1%          2
c - Dazzling Flash        Conj/Hex       66%        N/A       2%          3
d - Fulminant Prism       Conj/Hex       16%        3d10      9%          4
e - Iskenderun's Mystic   Conj/Tloc      25%        2d7       17%         4

Your spell library contained the following spells:

 Spells                   Type           Power      Damage    Failure   Level
 Frozen Ramparts          Ice            14%        1d3       22%         3
 Ice Form                 Ice/Tmut       7%         N/A       58%         4
 Summon Ice Beast         Ice/Summ       7%         N/A       58%         4


Dungeon Overview and Level Annotations

Branches:
Dungeon (4/15)
 Temple: D:4-7

Altars:
Okawaru

Shops:
D:4 [

Annotations:
D:4 Pikel


Message History

The searing ray misses the lemure.
You finish channelling your searing ray.
The lemure hits you but does no damage.
Pikel says, "You'll feel the lick of my whip!"
Pikel hits you with a +2 whip of flaming!
* * * LOW HITPOINT WARNING * * *
Pikel burns you.
* * * LOW HITPOINT WARNING * * *
The lemure closely misses you.
Casting: Searing Ray (safe; 1% risk of failure)
Confirm with . or Enter, or press ? or * to list all spells.
You don't know that spell.
Casting: Searing Ray (safe; 1% risk of failure)
Confirm with . or Enter, or press ? or * to list all spells.
Casting: Dazzling Flash (dangerous; 2% risk of failure)
Press: ? - help, Dir - look around, f - activate Pikel is dazzled.
The ball python is dazzled.
The lemure is dazzled. x2
The lemure barely misses you. The lemure hits you.
* * * LOW HITPOINT WARNING * * *
Pikel closely misses you. The lemure hits you.
* * * LOW HITPOINT WARNING * * *
Casting: Dazzling Flash (dangerous; 2% risk of failure)
Confirm with . or Enter, or press ? or * to list all spells.
Aiming: Searing Ray (safe; 1% risk of failure)
Press: ? - help, Shift-Dir - straight line, f - Pikel
Aim: Pikel, wielding a +2 whip of flaming and wearing a +0 robe (heavily wounded, blind, 76% to hit)
The searing ray misses Pikel.
The searing ray hits the ball python!
You kill the ball python! (Press . to maintain the ray.) Pikel hits you with a +2 whip of flaming.
* * * LOW HITPOINT WARNING * * *
Pikel burns you.
* * * LOW HITPOINT WARNING * * *
The lemure barely misses you. The lemure hits you but does no damage.
The lemure misses you.
You hit Pikel but do no damage.
Pikel is heavily wounded.
Pikel says, "You'll make a fine lemure."
Pikel closely misses you. The lemure hits you.
You die...

#...# #...###+##
########........#
.......#........#
.......'........#########.
.......#...>..............
.......####.####..........
.......# #.# #5.........
.......# #.# #@K5.......
######## #.# #.5..?.....
#.# #.......... #.#
#.......... #.#
#.......... #.#
#.......... ###########


You could see Pikel (blind) and 3 lemures.

Vanquished Creatures
  A black bear (D:4)
  A lemure (D:4)
  A howler monkey (D:3)
  A hound (D:4)
  Terence (D:2)
  Natasha (thrice) (D:3)
  7 adders
  3 worms
  A dart slug (D:1)
  3 orcs
  7 ball pythons
  8 bats
  2 endoplasms
  4 goblins
  10 hobgoblins
  3 jackals (D:1)
  6 kobolds
  4 quokkas
  4 frilled lizards (D:2)
  6 rats
76 creatures vanquished.

Vanquished Creatures (others)
  3 fulminant prisms (D:4)
3 creatures vanquished.

Grand Total: 79 creatures vanquished

Notes
Turn   | Place    | Note
-------+----------+-------------------------------------------
     0 | D:1      | Grim the Deep Elf Conjurer began the quest for the Orb.
     0 | D:1      | Reached XP level 1. HP: 10/10 MP: 6/6
   181 | D:1      | Reached XP level 2. HP: 15/15 MP: 2/8
   777 | D:2      | Reached skill level 5 in Conjurations
   777 | D:2      | Reached XP level 3. HP: 16/19 MP: 4/10
   843 | D:2      | Learned a level 2 spell: Searing Ray
  1483 | D:2      | Reached XP level 4. HP: 24/24 MP: 6/12
  1598 | D:2      | Found a faded altar of an unknown god.
  1631 | D:2      | Learned a level 3 spell: Dazzling Flash
  1636 | D:2      | Learned a level 4 spell: Fulminant Prism
  1697 | D:2      | Noticed Terence
  1705 | D:2      | Killed Terence
  1706 | D:2      | Reached skill level 5 in Spellcasting
  1706 | D:2      | Reached skill level 1 in Hexes
  2261 | D:2      | Found an iron altar of Okawaru.
  2711 | D:3      | Reached XP level 5. HP: 28/28 MP: 9/14
  3197 | D:3      | Noticed Natasha
  3200 | D:3      | Killed Natasha
  3247 | D:3      | Noticed Natasha
  3249 | D:3      | Killed Natasha
  3545 | D:3      | Noticed Natasha
  3550 | D:3      | Killed Natasha
  3694 | D:3      | Learned a level 4 spell: Iskenderun's Mystic Blast
  3748 | D:4      | Noticed a black bear
  3818 | D:4      | Found Ehuun's Armour Shop.
  3837 | D:4      | Reached XP level 6. HP: 32/32 MP: 10/16
  4037 | D:4      | Identified the +1 robe of Golden Mirth {Int-4 Dex+5}
  4168 | D:4      | Noticed Pikel
  4181 | D:4      | Slain by a lemure

Illustrated notes

Levels and vault maps discovered:
D:1:      eino_arrival_cavern_a, layout_rooms
D:2:      minmay_skewed_foursquare, layout_loops_corners, basic_altar,
          hellmonk_ecumenical_altar_blasted, dreamdust_princess_corridor,
          kennysheep_generic_room_11, uniq_terence
D:3:      layout_loops_ring, kennysheep_cross_room, uniq_natasha
D:4:      layout_basic, serial_shops, nicolae_shop_hallway_stairs, uniq_pikel

Skill      XL: |  1  2  3  4  5  6 |
---------------+-------------------+-----
Spellcasting   | 4 5 6 |  6.0
Conjurations   | 5 6 |  6.4
Hexes          | 2 3 4 |  4.0
Dodging        | |  2.4
Stealth        | |  2.4
Translocations | |  0.6

Action                     |  1- 3 |  4- 6 || total
---------------------------+-------+-------++-------
  Melee: Hand axe          |    14 |       ||    14
         Falchion          |       |     6 ||     6
   Cast: Magic Dart        |    61 |    70 ||   131
         Searing Ray       |     2 |    11 ||    13
         Fulminant Prism   |       |     3 ||     3
         Dazzling Flash    |       |     1 ||     1
   Stab: Sleeping          |       |     1 ||     1
 Armour: Robe              |     7 |     4 ||    11
  Dodge: Dodged            |    19 |    24 ||    43

Table legend: (Time is in decaauts)
 A = Elapsed time spent in this place.
 B = Non-inter-level travel time spent in this place.
 C = Inter-level travel time spent in this place.
 D = Time resting spent in this place.
 E = Time spent auto-exploring this place.
 F = Levels seen in this place.
 G = Mean time per level.
                   A        B        C        D        E       F      G
               +--------+--------+--------+--------+--------+-----+--------+
         Total |   4195 |   4066 |    129 |   1003 |   2662 |   4 | 1048.8 |
       Dungeon |   4195 |   4066 |    129 |   1003 |   2662 |   4 | 1048.8 |
               +--------+--------+--------+--------+--------+-----+--------+

Top non-repeatable levels by time:
     D:2: 1870 daAuts
     D:3: 1173 daAuts
     D:1: 774 daAuts
     D:4: 376 daAuts
